 Dungeon Crawl Stone Soup version 0.32-a0-933-ga8fa3634e4 (webtiles) character file.

Game seed: 17458946021777263697

223 ragingrage the Sneak (level 6, 0/32 HPs)
             Began as a Vine Stalker Delver on Apr 15, 2024.
             Killed from afar by a white imp (4 damage)
             ... with a puff of frost
             ... summoned by Eustachio
             ... on level 4 of the Dungeon.
             The game lasted 00:02:49 (2210 turns).

ragingrage the Sneak (Vine Stalker Delver)          Turns: 2210, Time: 00:02:50

Health: 0/32       AC:  7    Str: 16    XL:     6   Next: 0%
Magic:  0/7        EV: 10    Int: 10    God:
Gold:   193        SH:  0    Dex: 16    Spells: 5/5 levels left

rFire   . . .        a - +0 short sword
rCold   . . .        (no shield)
rNeg    . . .        t - +0 ring mail
rPois   .            (no helmet)
rElec   .            (no cloak)
rCorr   .            u - +0 pair of gloves
SInv    .            k - +0 pair of boots
Will    .....        (no amulet)
Stlth   ++           n - +4 ring of slaying
HPRegen 1.05/turn    (no ring)
MPRegen 0.10/turn

%: guardian spirit
@: silenced
A: fangs 2, regeneration 1, magic shield, antimagic bite, no potion heal 2
a: no special abilities


You were on level 4 of the Dungeon.
You visited 1 branch of the dungeon, and saw 6 of its levels.

You collected 193 gold pieces.

Inventory:

Hand Weapons
 a - a +0 short sword (weapon)
 l - a +0 rapier
Missiles
 h - 6 boomerangs (quivered)
Armour
 k - a +0 pair of boots (worn)
 t - a +0 ring mail (worn)
 u - a +0 pair of gloves (worn)
Jewellery
 n - a +4 ring of slaying (left hand)
Wands
 g - a wand of digging (3)
 o - a wand of warping (11)
Scrolls
 b - a scroll of enchant weapon
 c - 2 scrolls of fog
 d - a scroll of revelation
 i - a scroll of poison {unknown}
 j - a scroll of identify
 s - a scroll of enchant armour {unknown}
 v - a scroll of amnesia {unknown}
Potions
 f - 6 potions of curing {unknown}
 m - 2 potions of brilliance {unknown}
 p - a potion of magic {unknown}
 q - a potion of heal wounds {unknown}
 r - a potion of haste
 w - a potion of enlightenment {unknown}


   Skills:
 - Level 2.6 Fighting
 + Level 5.5 Short Blades
 - Level 1.5 Dodging
 - Level 6.0 Stealth


You had 5 spell levels left.
You didn't know any spells.
Your spell library contained the following spells:

 Spells                   Type           Power      Damage    Failure   Level
 Necrotise                Necr           0%         1d4       58%         1
 Slow                     Hex            0%         N/A       58%         1
 Confusing Touch          Hex            0%         N/A       91%         3
 Vampiric Draining        Necr           0%         2d6       91%         3
 Martyr's Knell           Necr/Summ      0%         N/A       100%        4
 Curse of Agony           Necr           0%         N/A       100%        5


Dungeon Overview and Level Annotations

Branches:
Dungeon (6/15)
 Temple: D:4-7

Altars:
Nemelex Xobeh
Zin

Annotations:
D:4 Eustachio


Innate Abilities, Weirdness & Mutations

You have extremely sharp teeth.
Your natural rate of healing is unusually fast.
When hurt, damage is shared between your health and your magic reserves.
Your bite disrupts and absorbs the magic of your enemies.
Potions cannot restore your health.


Message History

You barely miss Eustachio. You hit Eustachio. The white imp hits you.
The white imp freezes you. Eustachio hits you with a +0 falchion.
You hit the white imp. Your bite misses the white imp.
Eustachio closely misses you. The white imp closely misses you.
The white imp hits you. The white imp freezes you.
As you read the scroll labelled GESKOY NONTUSK, it crumbles to dust.
It is a scroll of identify.
b - a scroll of enchant weapon The iron imp hits you but does no damage.
Eustachio misses you. The white imp barely misses you.
The white imp summons a swarm of flies.
The white imp completely misses you.
Unknown command.
As you read the scroll labelled FOLAW BUNUH, it crumbles to dust.
A profound silence engulfs you.
It was a scroll of silence.
The iron imp hits you but does no damage.
Eustachio hits you with a +0 falchion. The white imp closely misses you.
The white imp gestures at you. The puff of frost hits you!
You hit Eustachio. You bite Eustachio.
Eustachio's magic leaks into the air.
You drain his magic.
You feel invigorated.
You closely miss Eustachio. Eustachio hits you with a +0 falchion.
The white imp hits you but does no damage.
The white imp barely misses you.
The iron imp hits you but does no damage.
You hit Eustachio. The white imp hits you. The white imp freezes you.
* * * LOW HITPOINT WARNING * * *
The white imp hits you but does no damage.
Eustachio hits you with a +0 falchion.
* * * LOW HITPOINT WARNING * * *
The iron imp barely misses you.
You hit Eustachio. Your bite misses Eustachio. Eustachio barely misses you.
The white imp hits you but does no damage. x2
You closely miss Eustachio.
The iron imp hits you but does no damage.
You hit Eustachio but do no damage. The white imp gestures at you.
The puff of frost hits you.
You die...

.............#...######
.##..###..####...##...##
.##..###..####...##....#
..#........#..........##
###........'..........##
.##........#...........#
..#........#...........#
.##..###'###+###5##...##
.##..###.###.##5@######
#............5@.#
#...............#
#.<##..##..######
.##..##..##..##...####
.##..##..##..#....#..##
.##...#......#........#
..#...#......#........#
. #...#...).†#........#


You could see Eustachio (magic disrupted), an iron imp (summoned) and 2 white
imps.

Vanquished Creatures
  A hound (D:4)
  A sleepcap (D:5)
  An iguana (D:4)
  5 adders
  4 dart slugs
  7 orcs
  8 ball pythons
  7 endoplasms
  4 giant cockroaches
  8 hobgoblins
  5 jackals
  3 kobolds
  2 quokkas
  5 bats
  6 frilled lizards
  8 goblins
  3 rats
78 creatures vanquished.

Notes
Turn   | Place    | Note
-------+----------+-------------------------------------------
     0 | D:5      | ragingrage the Vine Stalker Delver began the quest for the
                  | Orb.
     0 | D:5      | Reached XP level 1. HP: 11/11 MP: 2/2
    23 | D:5      | Noticed a sleepcap
    36 | D:5      | Killed a sleepcap
    37 | D:5      | Reached XP level 2. HP: 16/16 MP: 3/3
    37 | D:5      | Reached XP level 3. HP: 19/19 MP: 4/4
    44 | D:5      | Found a glowing silver altar of Zin.
   198 | D:3      | Reached XP level 4. HP: 23/23 MP: 5/5
   799 | D:1      | Found a faded altar of an unknown god.
   874 | D:1      | Reached XP level 5. HP: 27/27 MP: 6/6
  1592 | D:3      | Reached skill level 5 in Short Blades
  1716 | D:3      | Found a sparkling altar of Nemelex Xobeh.
  2125 | D:4      | Reached XP level 6. HP: 32/32 MP: 7/7
  2196 | D:4      | Noticed Eustachio
  2210 | D:4      | Killed from afar by a white imp

Illustrated notes

Levels and vault maps discovered:
D:1:      dpeg_arrival_short_road, layout_basic, ebering_ecumenical_altar_box,
          dreamdust_princess_corridor
D:2:      layout_rooms
D:3:      minmay_diamond_boxcup, layout_rooms, mainiacjoe_overflow_alcove_2,
          hangedman_decor_slide_cut
D:4:      layout_gridville, serial_shops, shop, uniq_eustachio, uniq_duvessa
D:5:      layout_loops_ring, zin_scriptorium, nicolae_qazlal_general_emergency,
          lightli_sewer_entry_pipes, serial_shops, nicolae_shop_window_shopping,
          corexii_shack, chequers_serial_rivers_micro_c,
          minmay_misc_feat_secret_circle, chequers_serial_rivers_micro_d
D:6:      gammafunk_wand_slinger, layout_cave_pools, kennysheep_cluttered_room

Skill      XL: |  1  2  3  4  5 |
---------------+----------------+-----
Short Blades   | 3 4 5 |  5.5
Fighting       | |  2.6
Dodging        | |  1.5
Stealth        | |  6.0

Action                     |  1- 3 |  4- 6 || total
---------------------------+-------+-------++-------
  Melee: Short sword       |    28 |   183 ||   211
         Bite              |    12 |    35 ||    47
    Use: Potion            |     1 |       ||     1
         Scroll            |       |     3 ||     3
   Stab: Sleeping          |     1 |    16 ||    17
 Armour: Leather armour    |    21 |    61 ||    82
         Ring mail         |       |    33 ||    33
  Dodge: Dodged            |     9 |    78 ||    87

Table legend: (Time is in decaauts)
 A = Elapsed time spent in this place.
 B = Non-inter-level travel time spent in this place.
 C = Inter-level travel time spent in this place.
 D = Time resting spent in this place.
 E = Time spent auto-exploring this place.
 F = Levels seen in this place.
 G = Mean time per level.
                   A        B        C        D        E       F      G
               +--------+--------+--------+--------+--------+-----+--------+
         Total |   2144 |   2018 |    126 |     28 |   1394 |   6 |  357.3 |
       Dungeon |   2144 |   2018 |    126 |     28 |   1394 |   6 |  357.3 |
               +--------+--------+--------+--------+--------+-----+--------+

Top non-repeatable levels by time:
     D:1: 764 daAuts
     D:3: 557 daAuts
     D:2: 405 daAuts
     D:4: 342 daAuts
     D:5: 70 daAuts
     D:6: 4 daAuts
